 Dungeon Crawl Stone Soup version 0.29.1-2-gbd0b4ee654 (webtiles) character file.

Game seed: 17815800870059730077

175243 safid the Crack Shot (level 17, 0/119 (160) HPs)
             Began as a Minotaur Hunter on Nov 4, 2022.
             Was the Champion of Okawaru.
             Drowned by a water elemental (4 damage)
             ... on level 1 of the Depths on Nov 7, 2022.
             The game lasted 01:47:19 (32187 turns).

safid the Crack Shot (Minotaur Hunter)             Turns: 32187, Time: 01:47:19

HP:   0/119 (160)   AC: 24    Str: 19    XL:     17   Next: 21%
MP:   21/25         EV: 23    Int:  8    God:    Okawaru [******]
Gold: 1842          SH:  5    Dex: 19    Spells: 16/16 levels left

rFire   . . .      SeeInvis .   N - +5 arbalest "Orb Guardian's Regret" {freeze, Int+2}
rCold   + . .      Faith    .   (shield currently unavailable)
rNeg    . . .      Spirit   .   D - +4 troll leather armour {Snorg}
rPois   +          Reflect  +   M - +2 hat
rElec   +          Harm     .   j - +2 cloak
rCorr   .          Rampage  .   p - +2 pair of gloves
Will    .....                   k - +2 pair of boots
Stlth   +++.......              i - amulet of reflection
HPRegen 1.09/turn               P - ring of protection from cold
MPRegen 0.19/turn               x - ring of poison resistance

@: weak-willed, heroic, finesse-ful, engulfed (cannot breathe), very heavily
drained
A: horns 2, retaliatory headbutt, electricity resistance, sturdy frame 1
}: 1/15 runes: decaying
a: Renounce Religion, Heroism, Finesse, Duel


You were on level 1 of the Depths.
You worshipped Okawaru.
Okawaru was exalted by your worship.
You visited 7 branches of the dungeon, and saw 29 of its levels.
You also visited: Sewer, Ossuary and Ice Cave.

You collected 3567 gold pieces.
You spent 1725 gold pieces at shops.

Inventory:

Hand Weapons
 L - a +3 longbow of flaming
 N - the +5 arbalest "Orb Guardian's Regret" (weapon) {freeze, Int+2}
   (You found it on level 12 of the Dungeon)

   Any ammunition fired from it freezes those it strikes, dealing additional
   cold damage.
   It can also slow down cold-blooded creatures.
   Int:       It affects your intelligence (+2).
Missiles
 v - 17 curare-tipped darts
 H - 5 throwing nets
Armour
 j - a +2 cloak (worn)
 k - a +2 pair of boots (worn)
 p - a +2 pair of gloves (worn)
 D - a +4 troll leather armour (worn) {Snorg}
 M - a +2 hat (worn)
Jewellery
 e - a ring of see invisible
 i - an amulet of reflection (around neck)
 u - a ring of protection from fire
 x - a ring of poison resistance (right hand)
 B - a ring of protection from fire
 P - a ring of protection from cold (left hand)
Wands
 c - a wand of polymorph (30)
 n - a wand of quicksilver (32)
 t - a wand of digging (12)
 G - a wand of iceblast (6)
 J - a wand of flame (45)
 K - a wand of mindburst (13)
Scrolls
 a - 9 scrolls of fear
 b - 13 scrolls of teleportation
 d - 4 scrolls of fog
 h - a scroll of blinking
 s - 2 scrolls of magic mapping
 y - 4 scrolls of enchant weapon
 z - a scroll of silence
 F - a scroll of brand weapon
 Q - a scroll of enchant armour
Potions
 f - 2 potions of cancellation
 g - 2 potions of might
 l - 5 potions of resistance
 m - 7 potions of lignification
 o - 3 potions of ambrosia
 q - 14 potions of curing
 r - 4 potions of flight
 w - 3 potions of berserk rage
 A - 3 potions of brilliance
 C - 3 potions of mutation
 I - a potion of invisibility
Miscellaneous
 O - a lightning rod (3/4)


   Skills:
 + Level 16.7(21.7) Fighting
 * Level 23.8(27) Ranged Weapons
 - Level 12.0(17.0) Armour
 + Level 11.0(16.0) Dodging
 - Level 0.7(5.7) Stealth
 - Level 12.0 Invocations


You had 16 spell levels left.
You didn't know any spells.
Your spell library contained the following spells:

 Spells                   Type           Power      Damage    Failure   Level
 Apportation              Tloc           0%         N/A       41%         1
 Freeze                   Ice            0%         1d3       41%         1
 Magic Dart               Conj           0%         1d3       41%         1
 Necrotise                Necr           0%         1d4       41%         1
 Sting                    Tmut/Pois      0%         1d3       41%         1
 Poisonous Vapours        Pois/Air       0%         N/A       54%         2
 Searing Ray              Conj           0%         2d4       54%         2
 Frozen Ramparts          Ice            0%         1d1       78%         3
 Ignite Poison            Fire/Tmut/Pois 0%         N/A       78%         3
 Mephitic Cloud           Conj/Pois/Air  0%         N/A       78%         3
 Stone Arrow              Conj/Erth      0%         3d7       78%         3
 Fulminant Prism          Conj/Hex       0%         3d6       99%         4
 Hailstorm                Conj/Ice       0%         3d3       99%         4
 Olgreb's Toxic Radiance  Pois           0%         N/A       99%         4
 Petrify                  Tmut/Erth      0%         N/A       99%         4
 Blade Hands              Tmut           0%         N/A       100%        5
 Freezing Cloud           Conj/Ice/Air   0%         6-21      100%        5
 Metabolic Englaciation   Hex/Ice        0%         N/A       100%        5
 Conjure Ball Lightning   Conj/Air       0%         3x3d6     100%        6
 Iron Shot                Conj/Erth      0%         9d1       100%        6
 Statue Form              Tmut/Erth      0%         N/A       100%        6
 Discord                  Hex            0%         N/A       100%        8
 Disjunction              Tloc           0%         N/A       100%        8
 Lehudib's Crystal Spear  Conj/Erth      0%         10d2      100%        8
 Polar Vortex             Ice            0%         N/A       100%        9
 Summon Small Mammal      Summ           Unusable   N/A       N/A         1
 Call Imp                 Summ           Unusable   N/A       N/A         2
 Animate Armour           Summ/Erth      Unusable   N/A       N/A         4
 Simulacrum               Ice/Necr       Unusable   N/A       N/A         6

Dungeon Overview and Level Annotations

Branches:
Dungeon (15/15)            Temple (1/1) D:7            Lair (5/5) D:10
  Swamp (4/4) Lair:2        Snake (0/4) Lair:3        Slime (0/5) Lair:4
    Orc (2/2) D:12            Elf (1/3) Orc:2        Vaults (0/5) D:14
 Depths (1/4) D:15          Sewer (visited)         Ossuary (visited)
  IceCv (visited)

Altars:
Ashenzari
Cheibriados
Dithmenos
Elyvilon
Fedhas
Gozag
Hepliaklqana
Kikubaaqudgha
Makhleb
Nemelex Xobeh
Okawaru
Qazlal
Ru
Sif Muna
Trog
Uskayaw
Vehumet
Wu Jian
Xom
Yredelemnul
Zin
The Shining One
Jiyva
Lugonu

Shops:
D:7 (   D:9 :   D:10 **   D:12 *   D:13 [*[(!   Orc:2 **[(

Portals:
Hell: Depths:1
Abyss: Lair:5

Annotations:
D:2 1 runed translucent door, Crazy Yiuf
D:10 1 runed translucent door
Orc:2 2 runed translucent doors, hito's ghost, journeyman FoEE


Innate Abilities, Weirdness & Mutations

You have a pair of horns on your head.
You reflexively headbutt those who attack you in melee.
You are resistant to electric shocks. (rElec)
Your movements are slightly less encumbered by armour. (ER -2)


Message History

Your lungs strain for air!
You block the spectral caustic shrike's attack.
Unknown command.
Fire: N) +5 arbalest "Orb Guardian's Regret" {freeze, Int+2}
Press: ? - help, Q - select action, (/) - cycle Shift-Dir - straight line, f/p - spectral caustic shrike
Aim: a spectral caustic shrike (severely damaged, 72% to hit)
You shoot a bolt.
The bolt hits the spectral caustic shrike!
The bolt freezes the spectral caustic shrike.
The spectral caustic shrike is severely damaged.
* * * LOW HITPOINT WARNING * * *
Your lungs strain for air!
The water elemental misses you. You furiously retaliate!
You headbutt the water elemental! The spectral caustic shrike claws you.
* * * LOW HITPOINT WARNING * * *
You feel drained.
Okay, then.
You cannot read scrolls while unable to breathe!
Okay, then.
Aiming: Thunderbolt
Press: ? - help, Shift-Dir - straight line, f/p - spectral caustic shrike
Aim: a spectral caustic shrike (severely damaged)
The thunderbolt hits the spectral caustic shrike.
The spectral caustic shrike is almost destroyed.
* * * LOW HITPOINT WARNING * * *
Your lungs strain for air!
You block the spectral caustic shrike's attack.
The water elemental misses you.
The spectral caustic shrike closely misses you.
You furiously retaliate!
You headbutt the spectral caustic shrike!
Fire: N) +5 arbalest "Orb Guardian's Regret" {freeze, Int+2}
Press: ? - help, Q - select action, (/) - cycle Shift-Dir - straight line, f/p - spectral caustic shrike
Aim: a spectral caustic shrike (almost destroyed, 72% to hit)
You shoot a bolt.
The bolt hits the spectral caustic shrike!!!
The bolt freezes the spectral caustic shrike.
You destroy the spectral caustic shrike!
Okawaru accepts your kill.
You die...

#........≈~~~.~~.
.............~~.
#...........~~.
#.............
#...........
♣♣######.............
~~P~~~~~......# ~....
~~~~~~P~.....###.....
≈≈~~P~~...@..).#.....
≈≈PP~~P...E.........
≈≈~~~~...........##.
≈≈≈~~P...........#
≈≈~PP~~[[..^>.~.###
≈≈~~~P~P...#..<(..#
≈≈~PP~P...........#
~~PP~P~~.....#........
~PPP~~~P.....#........


You could see a water elemental.

Vanquished Creatures
  Bai Suzhen (Swamp:4)
  A bone dragon (Swamp:4)
  2 tentacled monstrosities (Swamp:2)
  A thorn hunter (Swamp:2)
  A sphinx (Depths:1)
  4 spectral caustic shrikes (Depths:1)
  2 stone giants
  7 eleionomae
  5 bunyips
  Snorg (Arena)
  2 ettins
  A spriggan air mage (Swamp:2)
  17 hydras
  Erolcha (Orc:1)
  Harold (Lair:2)
  An ogre mage (D:12)
  Erica (Lair:2)
  5 centaur warriors
  2 ghost crabs (Swamp:4)
  3 two-headed ogres (D:12)
  3 dancing weapons
  15 death yaks
  2 tengu warriors
  12 alligators
  Urug (Orc:1)
  A spriggan berserker (Swamp:1)
  4 thrashing horrors (Lair:5)
  Sonja (D:12)
  Nergalle (D:12)
  Amaemon (Lair:2)
  A flayed ghost (Depths:1)
  6 goliath frogs
  A death drake (Swamp:4)
  A lindwurm (Lair:2)
  11 bog bodies
  3 spriggan druids
  5 spriggan simulacra
  2 phantasmal warriors (Swamp:4)
  3 spectral hydras (Swamp:4)
  4 swamp dragons
  A lindwurm (shapeshifter) (D:15)
  2 orc knights
  17 ugly things
  4 will-o-the-wisps
  5 deep elf pyromancers
  3 manticores (D:12)
  2 cyclopes
  5 orc sorcerers (Orc:2)
  2 black mambas
  A torpor snail (Lair:2)
  3 gargoyles
  An eye of devastation (shapeshifter) (Lair:5)
  14 cane toads
  Maggie (D:7)
  An unseen horror (D:11)
  4 kobold demonologists
  4 swamp worm zombies (Swamp:4)
  An orange demon (Lair:2)
  3 rime drakes
  Psyche (D:8)
  A yaktaur (shapeshifter) (D:12)
  7 komodo dragons
  2 freezing wraiths (IceCv)
  A yaktaur (D:12)
  3 efreet
  2 ancient zymes (Lair:5)
  An ice devil (IceCv)
  3 tengu conjurers
  2 polar bears (Lair:4)
  3 meliai (D:15)
  3 bloated husks (Swamp:4)
  2 hydra zombies (Swamp:4)
  8 trolls
  9 hornets
  A dream sheep (shapeshifter) (D:12)
  10 slime creatures
  3 spectral swamp dragons (Swamp:4)
  2 alligator zombies (Swamp:4)
  43 blink frogs
  4 large abominations (Lair:5)
  9 tyrant leeches
  A blink frog (shapeshifter) (D:13)
  A water elemental (Depths:1)
  3 air elementals (Elf:1)
  A centaur simulacrum (D:14)
  8 spriggans
  2 vampires
  3 shadows
  4 ynoxinuls (Lair:5)
  4 wyverns
  35 yaks
  A wraith (D:10)
  5 basilisks
  A chaos spawn (Lair:5)
  5 minotaur simulacra
  A steam dragon (D:9)
  Edmund (D:6)
  22 vampire mosquitoes
  5 wargs
  4 harpy simulacra
  3 nagas (Lair:3)
  17 swamp worms
  2 acid dragons
  Duvessa (D:7)
  11 water moccasins
  4 swamp drakes
  14 orc warriors
  3 black bears
  A sky beast (D:8)
  5 swamp dragon zombies (Swamp:4)
  An ice beast (D:5)
  5 ogres
  14 wolves
  10 centaurs
  4 kobold brigands
  7 phantoms
  Blork the orc (D:6)
  8 bullfrogs
  5 scorpions
  2 deep troll simulacra (IceCv)
  6 water moccasin zombies (Ossuary)
  9 small abominations (Lair:5)
  Dowan (D:7)
  4 wights (D:7)
  13 killer bees
  2 troll zombies (D:12)
  5 howler monkeys
  2 gnoll boudas
  2 jellies
  15 orc priests
  3 hounds
  43 orc wizards
  7 iguanas
  Natasha (thrice) (D:2)
  2 hell rats (D:10)
  4 ogre zombies (D:12)
  3 mummies
  Robin (D:2)
  7 gnolls
  3 river rats
  12 adders
  2 swamp drake zombies (Swamp:4)
  3 white imps
  2 ufetubi (D:5)
  3 adder zombies (Ossuary)
  5 worms
  2 dart slugs
  81 orcs
  9 ball pythons
  3 bats
  15 endoplasms
  13 giant cockroaches
  7 gnoll zombies (Ossuary)
  18 goblins
  11 hobgoblins
  3 jackals (D:3)
  9 quokkas
  9 frilled lizards
  A goblin skeleton (D:12)
  4 goblin zombies (D:12)
  11 hobgoblin zombies
  16 kobolds
  5 kobold zombies
  2 orc skeletons (D:12)
  10 orc zombies
  13 rats
960 creatures vanquished.

Vanquished Creatures (others)
  4 bloated husks
  A spriggan (Swamp:2)
  2 orc wizards
  A boggart simulacrum (D:14)
  An orc (D:4)
  20 foxfires
  26 fungi
  56 plants
111 creatures vanquished.

Grand Total: 1071 creatures vanquished

Notes
Turn   | Place    | Note
-------+----------+-------------------------------------------
     0 | D:1      | safid the Minotaur Hunter began the quest for the Orb.
     0 | D:1      | Reached XP level 1. HP: 18/18 MP: 0/0
   219 | D:1      | Reached XP level 2. HP: 25/25 MP: 1/1
  1075 | D:2      | Reached skill level 5 in Ranged Weapons
  1075 | D:2      | Reached XP level 3. HP: 31/31 MP: 2/2
  1126 | D:2      | Noticed Robin
  1148 | D:2      | Killed Robin
  1345 | D:2      | Reached XP level 4. HP: 40/40 MP: 3/3
  1715 | D:2      | Noticed Natasha
  1728 | D:2      | Killed Natasha
  1729 | D:2      | Reached XP level 5. HP: 28/47 MP: 4/4
  1881 | D:2      | Noticed Natasha
  1891 | D:2      | Killed Natasha
  1892 | D:2      | Reached skill level 5 in Fighting
  1892 | D:2      | Reached skill level 6 in Ranged Weapons
  1995 | D:2      | Noticed Natasha
  2015 | D:2      | HP: 2/48 [Natasha (3)]
  2016 | D:2      | Killed Natasha
  2305 | D:2      | Found a runed translucent door.
  2306 | D:2      | Noticed Crazy Yiuf
  2478 | D:3      | Found a sacrificial altar of Ru.
  2483 | D:3      | Found a sparkling altar of Nemelex Xobeh.
  2504 | D:3      | Reached XP level 6. HP: 56/56 MP: 5/5
  3063 | D:4      | Found a sand-covered staircase.
  3073 | Ossuary  | Entered an ossuary
  3112 | Ossuary  | Reached skill level 7 in Ranged Weapons
  3205 | Ossuary  | Reached XP level 7. HP: 64/64 MP: 6/6
  3519 | D:4      | Reached skill level 8 in Ranged Weapons
  3587 | D:4      | Found an ornate altar of the Wu Jian Council.
  4190 | D:5      | Entered Level 5 of the Dungeon
  4203 | D:5      | Reached XP level 8. HP: 74/74 MP: 7/7
  4245 | D:5      | Reached skill level 9 in Ranged Weapons
  4391 | D:5      | Reached skill level 10 in Ranged Weapons
  4590 | D:5      | Found a glowing drain.
  4594 | Sewer    | Entered a sewer
  4903 | Sewer    | Found a viscous altar of Jiyva.
  5230 | D:5      | Reached skill level 11 in Ranged Weapons
  5667 | D:5      | Gained mutation: You are resistant to electric shocks.
                  | (rElec) [potion of mutation]
  5917 | D:6      | Noticed Edmund
  5931 | D:6      | Killed Edmund
  5932 | D:6      | Reached XP level 9. HP: 62/81 MP: 8/8
  6266 | D:6      | Reached skill level 12 in Ranged Weapons
  6367 | D:6      | Noticed Blork the orc
  6385 | D:6      | Killed Blork the orc
  7038 | D:7      | Noticed Duvessa
  7047 | D:7      | Killed Duvessa
  7047 | D:7      | Noticed Dowan
  7061 | D:7      | Killed Dowan
  7062 | D:7      | Reached skill level 13 in Ranged Weapons
  7131 | D:7      | Noticed Maggie
  7614 | D:7      | Killed Maggie
  7615 | D:7      | Reached skill level 14 in Ranged Weapons
  7832 | D:7      | Found Yseysa Buol's Antique Weapon Shop.
  7920 | D:7      | Found a stormy altar of Qazlal.
  8040 | D:7      | Found a staircase to the Ecumenical Temple.
  8162 | D:8      | Reached XP level 10. HP: 71/88 MP: 9/9
  8493 | D:8      | Reached skill level 15 in Ranged Weapons
  8767 | D:8      | Noticed Psyche
  8781 | D:8      | Killed Psyche
  9131 | Temple   | Entered the Ecumenical Temple
  9930 | D:9      | Reached skill level 1 in Armour
  9943 | D:9      | Reached skill level 16 in Ranged Weapons
 10344 | D:9      | Found a glowing golden altar of the Shining One.
 10510 | D:9      | Found Jeklit's Book Emporium.
 10614 | D:10     | Entered Level 10 of the Dungeon
 10692 | D:10     | Noticed a cyclops
 10708 | D:10     | Killed a cyclops
 10840 | D:10     | Found Qaxugy's Specific Store.
 10842 | D:10     | Found Woliuv's General Store.
 10910 | D:10     | Found a runed translucent door.
 10914 | D:10     | Found a basalt altar of Yredelemnul.
 10946 | D:10     | Noticed a death yak
 10965 | D:10     | Noticed a death yak
 10972 | D:10     | Killed a death yak
 10973 | D:10     | Reached XP level 11. HP: 77/97 MP: 10/10
 11006 | D:10     | Killed a death yak
 11007 | D:10     | Reached skill level 5 in Armour
 11009 | D:10     | Noticed a death yak
 11346 | D:10     | Killed a death yak
 11661 | D:10     | Found an iron altar of Okawaru.
 11671 | D:10     | Became a worshipper of Warmaster Okawaru
 11837 | D:10     | Found a staircase to the Lair.
 11954 | Lair:1   | Entered Level 1 of the Lair of Beasts
 12012 | Lair:1   | Reached skill level 10 in Fighting
 12087 | Lair:1   | Reached skill level 1 in Invocations
 12556 | Lair:1   | Reached * piety under Okawaru
 13302 | Lair:1   | Noticed a six-headed hydra
 13405 | Lair:1   | Killed a six-headed hydra
 13648 | Lair:1   | Reached ** piety under Okawaru
 13820 | Lair:2   | Noticed a five-headed hydra
 13848 | Lair:2   | Killed a five-headed hydra
 14003 | Lair:2   | Noticed Amaemon
 14022 | Lair:2   | Killed Amaemon
 14032 | Lair:2   | Noticed Harold
 14034 | Lair:2   | Found a staircase to the Swamp.
 14034 | Lair:2   | Noticed a death yak
 14034 | Lair:2   | Noticed a death yak
 14034 | Lair:2   | Noticed a death yak
 14034 | Lair:2   | Noticed a death yak
 14034 | Lair:2   | Noticed a death yak
 14034 | Lair:2   | Noticed a death yak
 14378 | Lair:1   | Reached *** piety under Okawaru
 14389 | Lair:1   | Reached XP level 12. HP: 89/110 MP: 14/14
 14606 | Lair:1   | Killed a death yak
 14607 | Lair:1   | Reached skill level 17 in Ranged Weapons
 14882 | Lair:1   | Killed a death yak
 15103 | Lair:2   | Reached skill level 5 in Invocations
 15413 | Lair:2   | Noticed Erica
 15423 | Lair:1   | Reached **** piety under Okawaru
 15509 | Lair:1   | Killed a death yak
 15729 | Lair:1   | Killed a death yak
 16476 | D:10     | Bought a scroll of acquirement for 832 gold pieces
 16476 | D:10     | Acquired 622 gold pieces
 16591 | D:11     | Reached ***** piety under Okawaru
 17174 | D:12     | Noticed a two-headed ogre
 17183 | D:12     | Killed a two-headed ogre
 17281 | D:12     | Noticed a two-headed ogre
 17284 | D:12     | Killed a two-headed ogre
 17285 | D:12     | Reached skill level 18 in Ranged Weapons
 17350 | D:12     | Noticed Nergalle
 17359 | D:12     | Killed Nergalle
 17532 | D:12     | Noticed an ogre mage
 17541 | D:12     | Killed an ogre mage
 17624 | D:12     | Noticed a tengu warrior
 17636 | D:12     | Killed a tengu warrior
 17637 | D:12     | Reached XP level 13. HP: 74/118 MP: 11/18
 17642 | D:12     | Noticed an azure jelly
 17642 | D:12     | an iron troll changed into an azure jelly
 18009 | D:12     | Noticed Sonja
 18016 | D:12     | Killed Sonja
 18099 | D:12     | Found a staircase to the Orcish Mines.
 18532 | D:12     | Found Wisasobo's General Store.
 18710 | D:12     | Noticed an iron dragon
 18710 | D:12     | Noticed an acid blob
 18710 | D:12     | an iron dragon changed into an acid blob
 18835 | D:12     | Noticed a spark wasp
 18836 | D:12     | a spark wasp changed into a torpor snail
 19032 | D:12     | Identified the +5 arbalest "Orb Guardian's Regret" {freeze,
                  | Int+2}
 19244 | D:13     | Found Yrrorchy's Distillery.
 19302 | D:13     | Bought a potion of curing for 51 gold pieces
 19302 | D:13     | Bought a potion of heal wounds for 85 gold pieces
 19302 | D:13     | Bought a potion of curing for 51 gold pieces
 19339 | D:13     | Found Tablegot's Armour Shoppe.
 19353 | D:13     | Found Rovulesch's Armour Shoppe.
 19482 | D:13     | Gained mutation: Your movements are slightly less
                  | encumbered by armour. (ER -2) [a neqoxec]
 19562 | D:13     | Reached skill level 19 in Ranged Weapons
 19661 | D:13     | Found Hifurun's Assorted Antiques.
 19670 | D:13     | Bought a scroll of fear for 144 gold pieces
 19884 | D:13     | Found Zeciriej's Weapon Shop.
 20126 | Orc:1    | Entered Level 1 of the Orcish Mines
 20128 | Orc:1    | Noticed Erolcha
 20135 | Orc:1    | Killed Erolcha
 20198 | Orc:1    | Received a gift from Okawaru
 20346 | Orc:2    | Entered Level 2 of the Orcish Mines
 20357 | Orc:2    | Reached ****** piety under Okawaru
 20401 | Orc:2    | Noticed an ettin
 20404 | Orc:2    | Killed an ettin
 20419 | Orc:2    | Reached skill level 10 in Invocations
 20544 | Orc:2    | Found Onkyvof's Antique Weapon Shoppe.
 20544 | Orc:2    | Found Joidaef's Armour Shop.
 20770 | Orc:2    | Found Uhyeriw's Assorted Antiques.
 20770 | Orc:2    | Found Nohi's General Store.
 20925 | Orc:2    | Found a staircase to the Elven Halls.
 21161 | Orc:2    | Found a large runed translucent door.
 21162 | Orc:2    | Found a large runed translucent door.
 21164 | Orc:2    | Noticed hito's ghost (journeyman FoEE)
 21219 | Orc:1    | Noticed Snorg
 21237 | Arena    | Entered the Arena
 21238 | Arena    | Killed Snorg
 21576 | Orc:1    | Noticed Urug
 21626 | Orc:1    | Killed Urug
 21755 | Orc:1    | Received a gift from Okawaru
 21975 | Orc:2    | Bought a scroll of blinking for 97 gold pieces
 21975 | Orc:2    | Bought a scroll of blinking for 97 gold pieces
 21984 | Orc:2    | Bought a potion of haste for 230 gold pieces
 21984 | Orc:2    | Bought 2 potions of curing for 138 gold pieces
 22147 | Lair:2   | Killed Erica
 22230 | Lair:2   | Reached skill level 20 in Ranged Weapons
 22296 | Lair:2   | Reached XP level 14. HP: 126/126 MP: 21/21
 22590 | Lair:2   | Killed Harold
 22848 | Lair:3   | Found a staircase to the Snake Pit.
 23680 | Lair:4   | You fall into a shaft and drop 1 floor!
 23680 | Lair:5   | Entered Level 5 of the Lair of Beasts
 23931 | Lair:5   | Received a gift from Okawaru
 24064 | Lair:4   | Identified the +6 scale mail of a treasure trove {Harm rN+
                  | Will++ Dex-4}
 24227 | Lair:4   | Identified the +5 mace "Dunimesh" {pain, rElec rF- rCorr
                  | Str+3}
 24237 | Lair:4   | Found a viscous altar of Jiyva.
 24238 | Lair:4   | Found a staircase to the Slime Pits.
 24863 | Lair:5   | Reached skill level 5 in Dodging
 25105 | Lair:5   | Received a gift from Okawaru
 25432 | Lair:5   | Found a corrupted altar of Lugonu.
 25432 | Lair:5   | Found a one-way gate to the infinite horrors of the Abyss.
 25656 | Lair:5   | Reached XP level 15. HP: 137/137 MP: 23/23
 26119 | D:14     | Received a gift from Okawaru
 26120 | D:14     | Reached skill level 21 in Ranged Weapons
 26347 | D:14     | Found a gate to the Vaults.
 26370 | D:14     | Reached skill level 10 in Armour
 26526 | D:14     | Received a gift from Okawaru
 26715 | D:15     | Entered Level 15 of the Dungeon
 27017 | D:15     | Found a staircase to the Depths.
 27514 | Swamp:1  | Entered Level 1 of the Swamp
 28221 | Swamp:2  | Reached skill level 22 in Ranged Weapons
 28242 | Swamp:2  | Reached skill level 15 in Fighting
 28266 | Swamp:2  | Noticed a tentacled monstrosity
 28266 | Swamp:2  | Noticed a tentacled monstrosity
 28267 | Swamp:2  | Noticed a thorn hunter
 28273 | Swamp:2  | Received a gift from Okawaru
 28283 | Swamp:2  | Killed a tentacled monstrosity
 28286 | Swamp:2  | Killed a tentacled monstrosity
 28323 | Swamp:2  | Reached XP level 16. HP: 48/149 MP: 24/24
 28612 | Swamp:2  | Killed a thorn hunter
 29367 | Swamp:3  | Received a gift from Okawaru
 29551 | Swamp:3  | Found a frozen archway.
 29577 | IceCv    | Entered an ice cave
 29668 | IceCv    | Reached skill level 23 in Ranged Weapons
 30113 | Swamp:4  | Entered Level 4 of the Swamp
 30280 | Swamp:3  | Reached skill level 10 in Dodging
 30656 | Swamp:4  | Identified the +10 arbalest "Ekesoudd" {flame, rF+ Will+
                  | Str+2 Stlth+} (Okawaru gifted it to you on level 4 of the
                  | Swamp)
 30656 | Swamp:4  | Received a gift from Okawaru
 30875 | Swamp:4  | Noticed Bai Suzhen
 30891 | Swamp:4  | Killed Bai Suzhen
 31204 | Swamp:4  | Reached XP level 17. HP: 73/152 MP: 25/25
 31215 | Swamp:4  | Noticed a bone dragon
 31227 | Swamp:4  | Killed a bone dragon
 31374 | Swamp:4  | Identified the +3 falchion "Udugga Eril" {protect, rF+ rC++
                  | Will- SInv}
 31457 | Swamp:4  | Got a decaying rune of Zot
 31698 | Elf:1    | Entered Level 1 of the Elven Halls
 31771 | Elf:1    | Received a gift from Okawaru
 31939 | Depths:1 | Entered Level 1 of the Depths
 32035 | Depths:1 | Found a gateway to Hell.
 32186 | Depths:1 | HP: 3/119 [drowned by a water elemental (7)]
 32187 | Depths:1 | Drowned by a water elemental

Illustrated notes

Levels and vault maps discovered:
D:1:      dpeg_arrival_court, layout_loops_corners
D:2:      layout_rooms, minmay_joined_circles, uniq_natasha, uniq_robin,
          uniq_crazy_yiuf_cottage
D:3:      layout_basic, mainiacjoe_overflow_large_starburst
D:4:      layout_cave_pools, nicolae_wu_jian_glorious_leap,
          gup_ossuary_entry_pyramid, amcnicky_mini_rare_corridor_liquid,
          guppyfry_early_lair_pool
D:5:      layout_basic, gup_sewer_entry_bowl, guppyfry_early_orc_mine,
          uniq_menkaure
D:6:      nicolae_cairo_tiling_very_big, layout_loops_ring, amethyst_killhole,
          uniq_blork_the_orc, uniq_edmund
D:7:      layout_cave_pools, mainiacjoe_overflow_24_doors,
          minmay_temple_entry_from_below_a, serial_shops,
          nicolae_shop_overgrown_old_shop, eino_curves_03,
          chequers_decorated_corner, uniq_duvessa, uniq_maggie
D:8:      layout_basic, uniq_psyche
D:9:      layout_basic, tso_altar, serial_shops, nicolae_shop_statue_plus
D:10:     layout_loops_ring, dk_yredelemnul_ordeal, okawaru_ov_weapons_minmay,
          dpeg_lair_monsters, hangedman_abyss_or_decor_stagger,
          serial_bayou_pond_c, nicolae_specific_store
D:11:     layout_roguey
D:12:     layout_irregular_city, zombieorc1_lemuel, serial_shops,
          nicolae_shop_behind_doors, minmay_misc_feat_more_columns,
          minmay_evil_grid, uniq_sonja, uniq_nergalle
D:13:     layout_basic, serial_shops, shop_fountains, nicolae_diamond_shop,
          shop, nicolae_shop_advertising_works [nicolae_subvault_shop_adworks],
          nicolae_shop_statue_plus, minmay_statues_item
D:14:     layout_basic, erik_vaults_1, bh_walls_and_bars
D:15:     grunt_enter_depths_giant_problem, layout_long_grid, nrook_campfire,
          item_on_display_a
Temple:   bh_familiar_temple
Lair:1:   layout_long_grid, grunt_forest_large_clearing_hut
Lair:2:   layout_small_grid, minmay_swamp_entry_reptiles,
          eino_small_chamber_without_monster, beast_lair_carwin_5, uniq_erica,
          uniq_amaemon, uniq_harold
Lair:3:   layout_regular_city, guppyfry_snake_entry_island
Lair:4:   layout_small_grid, slime_entry_1
Lair:5:   hellmonk_lair_end_abyssal_woods, layout_regular_city,
          nicolae_quartered_pool_impasse, serial_bayou_pond_a,
          infiniplex_staircase_pool_2
Swamp:1:  layout_basic_swamp, nicolae_swamp_long_stream,
          nicolae_swamp_well_well_well, infiniplex_staircase_pool
Swamp:2:  nzn_winding_woodlands_cross [nzn_winding_woodlands_5x15_split_checker,
          nzn_winding_woodlands_5x15_parted,
          nzn_winding_woodlands_5x15_concentric,
          nzn_winding_woodlands_5x15_sidewinder,
          nzn_winding_woodlands_15x15_killbox], layout_falls_marsh,
          evilmike_swamp_ruin_house_3
Swamp:3:  layout_falls_marsh, portal_ice_cave_entry_ice_simulacra,
          evilmike_swamp_ruin_house_6
Swamp:4:  swamp_pestilence, layout_basic_swamp, uniq_bai_suzhen
Orc:1:    layout_diamond_mine, uniq_urug, uniq_erolcha, uniq_snorg
Orc:2:    st_orc_town, layout_caves, ebering_ghost_disaster_area
Elf:1:    nicolae_elf_arrival_fired_up, layout_loops_cross, minivault_28,
          minmay_shop_star
Depths:1: layout_cave_pools, serial_shops, shop, pf_hell_entry_tar_river,
          minmay_room_of_horrors, kennysheep_underground_church,
          serial_bayou_shore_a, nicolae_triple_integral

Skill      XL: |  1  2  3  4  5  6  7  8  9 10 11 12 13 14 15 16 17 |
---------------+----------------------------------------------------+-----
Fighting       | 3 4 5 6 8 9 11 12 13 15 16 | 16.7
Ranged Weapons | 5 6 7 8 11 14 16 18 20 22 23 | 23.8
Armour         | 4 7 8 9 11 12 | 12.0
Dodging        | 4 6 8 10 11 | 11.0
Invocations    | 4 8 11 12 | 12.0
Stealth        | |  0.7

Action                   |  1- 3 |  4- 6 |  7- 9 | 10-12 | 13-15 | 16-18 || total
-------------------------+-------+-------+-------+-------+-------+-------++-------
 Fire: Shortbow          |   101 |   242 |   576 |   961 |       |       ||  1880
       Arbalest          |       |       |       |   133 |  1330 |   647 ||  2110
Throw: Throwing net      |       |       |       |     1 |       |       ||     1
Invok: Heroism           |       |       |       |     4 |     2 |     1 ||     7
       Finesse           |       |       |       |     3 |    10 |     8 ||    21
       Duel              |       |       |       |       |     1 |       ||     1
Evoke: Lightning rod     |       |       |       |       |       |     1 ||     1
  Use: Scroll            |       |       |    18 |    14 |     8 |     7 ||    47
       Potion            |       |       |     9 |     8 |     6 |     4 ||    27
Armor: Leather armour    |    10 |    66 |    29 |       |       |       ||   105
       Scale mail        |       |       |   103 |       |       |       ||   103
       Skin              |       |       |     5 |     4 |       |       ||     9
       Acid dragon scale |       |       |     9 |   221 |    84 |       ||   314
       Troll leather arm |       |       |       |       |   170 |   205 ||   375
Dodge: Dodged            |    16 |   106 |   162 |   339 |   351 |   347 ||  1321
Block: Other             |     5 |    34 |    75 |   126 |   128 |   104 ||   472
       Reflection        |       |     1 |     7 |     1 |    15 |     4 ||    28
